 Dungeon Crawl Stone Soup version 0.29.1-15-g9cfb28693d (webtiles) character file.

Game seed: 12656945930420185847

448 promet the Covered (level 6, -10/53 HPs)
             Began as a Minotaur Fighter on Mar 13, 2023.
             Was an Initiate of Cheibriados.
             Mangled by a hornet (13 damage)
             ... on level 4 of the Dungeon.
             The game lasted 00:17:29 (3527 turns).

promet the Covered (Minotaur Fighter)               Turns: 3527, Time: 00:17:31

Health: -10/53     AC: 11    Str: 22    XL:     6   Next: 73%
Magic:  5/5        EV:  8    Int:  6    God:    Cheibriados [......]
Gold:   108        SH:  0    Dex: 12    Spells: 5/5 levels left

rFire   + . .      SeeInvis .   a - +0 scythe
rCold   x . .      Faith    .   (shield currently unavailable)
rNeg    . . .      Spirit   .   d - +1 chain mail
rPois   .          Reflect  .   (helmet restricted)
rElec   .          Harm     .   (no cloak)
rCorr   .          Rampage  .   (no gloves)
Will    .....                   (no boots)
Stlth   ..........              (no amulet)
HPRegen 0.17/turn               e - ring of fire
MPRegen 0.09/turn               (no ring)

@: slowed, very slow
A: horns 2, retaliatory headbutt
a: Renounce Religion


You were on level 4 of the Dungeon.
You worshipped Cheibriados.
Cheibriados was noncommittal.
You visited 2 branches of the dungeon, and saw 5 of its levels.

You collected 108 gold pieces.

Inventory:

Hand Weapons
 a - a +0 scythe (weapon)
 m - a +1 flail
Missiles
 h - 24 stones
 o - 3 poisoned darts (quivered)
Armour
 c - a +0 buckler
 d - a +1 chain mail (worn)
Jewellery
 e - a ring of fire (left hand)
Wands
 l - a wand of flame (22)
 r - a wand of mindburst (10)
Scrolls
 k - 4 scrolls of magic mapping
 n - a scroll of identify
 q - a scroll of noise
Potions
 b - a potion of berserk rage {unknown}
 f - a potion of brilliance {unknown}
 g - a potion of mutation {unknown}
 i - 2 potions of curing
 j - a potion of heal wounds
 p - a potion of invisibility {unknown}


   Skills:
 + Level 4.7 Fighting
 + Level 5.2 Maces & Flails
 * Level 2.5 Polearms
 + Level 0.1 Throwing
 + Level 5.6 Armour
 + Level 1.3 Dodging
 + Level 4.6 Shields


You had 5 spell levels left.
You didn't know any spells.
Your spell library contained the following spells:

 Spells                   Type           Power      Damage    Failure   Level
 Necrotise                Necr           0%         1d4       98%         1
 Gell's Gravitas          Tloc           0%         N/A       100%        3
 Teleport Other           Tloc           0%         N/A       100%        3
 Vampiric Draining        Necr           0%         2d6       100%        3
 Agony                    Necr           0%         N/A       100%        5
 Dispersal                Tloc           0%         N/A       100%        6


Dungeon Overview and Level Annotations

Branches:
Dungeon (4/15)             Temple (1/1) D:4

Altars:
Cheibriados
Elyvilon
Fedhas
Hepliaklqana
Makhleb
Nemelex Xobeh
Sif Muna
Xom

Annotations:
D:4 Grinder


Innate Abilities, Weirdness & Mutations

You have a pair of horns on your head.
You reflexively headbutt those who attack you in melee.


Message History

You feel yourself slow down. The adder bites you but does no damage.
The hornet barely misses you.
As you read the scroll labelled EBUAWN NIVEM, it crumbles to dust.
It is a scroll of identify.
q - a scroll of noise You feel yourself speed up.
* * * LOW HITPOINT WARNING * * *
You feel very sick. The adder barely misses you. The hornet closely misses you.
The adder barely misses you. You furiously retaliate!
You headbutt the adder, but do no damage.
The hornet barely misses you. You furiously retaliate!
You headbutt the hornet!
You feel better.
The hornet stings you but does no damage.
The adder bites you but does no damage. The hornet completely misses you.
You furiously retaliate!
You headbutt the hornet, but do no damage.
The adder bites you but does no damage.
Okay, then.
It was a potion of heal wounds.
You feel much better. The hornet stings you.
You feel yourself slow down. The adder bites you but does no damage.
You closely miss the hornet. You headbutt the hornet.
The hornet is heavily wounded.
You feel yourself speed up. The hornet stings you.
* * * LOW HITPOINT WARNING * * *
You feel yourself slow down. The adder bites you but does no damage.
The hornet stings you.
* * * LOW HITPOINT WARNING * * *
You feel as though you will be slow longer.
The adder bites you.
* * * LOW HITPOINT WARNING * * *
The hornet closely misses you.
You miss the hornet.
The hornet is heavily wounded.
The adder barely misses you. The hornet stings you!
* * * LOW HITPOINT WARNING * * *
You feel as though you will be slow longer.
The hornet stings you!
You die...

.....#.###.#.####.#.###..#
........................##
........##.#..##.....#....
#####.#....#..#...........
..............)......#####
####..##.#.##.##.....#####
........#.##.##..........
........!yS...............
.........@................
..........................
#######....<.............>
#................÷..
#................⌠.⌠
#................8.8
##.............#....
#............###### .#...#


You could see a hornet and an adder.

Vanquished Creatures
  Sigmund (D:3)
  A necrophage (D:4)
  A hound (D:4)
  Jessica (D:1)
  Terence (D:1)
  An orc wizard (D:3)
  4 adders
  A shadow imp (D:4)
  2 dart slugs
  3 orcs (D:3)
  3 ball pythons
  7 endoplasms
  2 giant cockroaches
  10 goblins
  3 hobgoblins
  6 kobolds
  5 quokkas
  3 bats
  5 rats
60 creatures vanquished.

Notes
Turn   | Place    | Note
-------+----------+-------------------------------------------
     0 | D:1      | promet the Minotaur Fighter began the quest for the Orb.
     0 | D:1      | Reached XP level 1. HP: 19/19 MP: 0/0
   374 | D:1      | Reached XP level 2. HP: 27/27 MP: 1/1
   672 | D:1      | Found a faded altar of an unknown god.
   961 | D:2      | Noticed Terence
   961 | D:2      | Found a shimmering blue altar of Sif Muna.
   963 | D:2      | Noticed Jessica
   977 | D:1      | Reached XP level 3. HP: 31/33 MP: 2/2
  1029 | D:1      | Killed Terence
  1400 | D:1      | Killed Jessica
  1401 | D:1      | Reached XP level 4. HP: 30/40 MP: 3/3
  2119 | D:3      | Noticed Sigmund
  2133 | D:3      | Killed Sigmund
  2134 | D:3      | Reached skill level 5 in Armour
  2134 | D:3      | Reached skill level 1 in Dodging
  2134 | D:3      | Reached XP level 5. HP: 12/47 MP: 4/4
  2134 | D:3      | Reached XP level 6. HP: 14/53 MP: 5/5
  2465 | D:3      | Reached skill level 5 in Maces & Flails
  2959 | D:3      | Found a shimmering altar of Xom.
  3132 | D:4      | Noticed Grinder
  3203 | D:4      | Found a staircase to the Ecumenical Temple.
  3254 | D:4      | Reached skill level 1 in Polearms
  3389 | Temple   | Entered the Ecumenical Temple
  3421 | Temple   | Became a worshipper of Cheibriados the Contemplative
  3513 | D:4      | Noticed a hornet
  3516 | D:4      | Paralysed by a hornet for 1 turns
  3527 | D:4      | Mangled by a hornet

Illustrated notes

Levels and vault maps discovered:
D:1:      psy_arrival_basics, layout_basic, chequers_ecumenical_altar_simple,
          hex_medium
D:2:      layout_rooms, basic_altar, uniq_jessica, uniq_terence
D:3:      layout_loops_cross, mainiacjoe_overflow_chevrons, uniq_sigmund
D:4:      layout_rooms, minmay_temple_entry_drinking_statues, uniq_grinder
Temple:   hellmonk_temple_rainy

Skill      XL: |  1  2  3  4  5  6 |
---------------+-------------------+-----
Armour         | 4 5 |  5.6
Fighting       | 4 |  4.7
Shields        | 4 |  4.6
Maces & Flails | 3 4 5 |  5.2
Dodging        | 1 |  1.3
Polearms       | 2 |  2.5
Throwing       | |  0.1

Action                   |  1- 3 |  4- 6 || total
-------------------------+-------+-------++-------
Melee: Flail             |    63 |    32 ||    95
       Headbutt          |     6 |     7 ||    13
       Halberd           |       |    63 ||    63
Throw: Stone             |       |     4 ||     4
       Dart              |       |     1 ||     1
  Use: Scroll            |     3 |     5 ||     8
       Potion            |     1 |     5 ||     6
Armor: Scale mail        |    34 |       ||    34
       Chain mail        |     4 |    62 ||    66
Dodge: Dodged            |    39 |    51 ||    90
Block: Buckler           |    20 |     6 ||    26
